 Dungeon Sprint DCSS version 0.30-a0-358-g0d69a1922f (webtiles) character file.

Game seed: 2631906241500935154

6900000 rocky1 the Champion of Chaos (level 23, -2/219 HPs)
             Began as a Gnoll Warper on Nov 9, 2022.
             Was the Champion of Makhleb.
             Killed by divine providence
             ... invoked by an accursed
              (16 damage)
             ... in the Dungeon (Sprint VIII: "Arena of Blood").
             The game lasted 00:05:25 (69 turns).

rocky1 the Champion of Chaos (Gnoll Warper)           Turns: 69, Time: 00:05:43

Health: -2/219     AC:  6    Str: 19    XL:     23   Next: 31%
Magic:  22/54      EV: 24    Int: 14    God:    Makhleb [******]
Gold:   0          SH:  0    Dex: 13    Spells: 76/76 levels left

rFire   . . .      SeeInvis .    j - +∞ Axe of Woe
rCold   . . .      Faith    .    (shield currently unavailable)
rNeg    . . .      Spirit   .    b - +0 leather armour
rPois   .          Reflect  .    (no helmet)
rElec   .          Harm     .    (no cloak)
rCorr   .          Rampage  .    (no gloves)
Will    +....      NoTele   +    (no boots)
Stlth   +++++++++.               (no amulet)
HPRegen 0.56/turn                m - +200 ring of slaying
MPRegen 0.34/turn                c - +200 ring of slaying

@: no status effects
A: fangs 1, strong nose, distributed training
a: Renounce Religion, Minor Destruction, Lesser Servant of Makhleb, Major
Destruction, Greater Servant of Makhleb


You were in the Dungeon.
You worshipped Makhleb.
Makhleb was exalted by your worship.
You visited 1 branch

Inventory:

Hand Weapons
 a - a +0 hand axe
 j - the +∞ Axe of Woe (weapon)
   (You found it in the Dungeon)
Missiles
 d - 7 boomerangs of dispersal (quivered)
Armour
 b - a +0 leather armour (worn)
Jewellery
 c - a +200 ring of slaying (right hand)
 k - a +30 ring of slaying
 l - a +30 ring of slaying
 m - a +200 ring of slaying (left hand)
Potions
 e - a potion of curing
 f - a potion of heal wounds
 g - a potion of haste
 h - 2 potions of magic
 i - a potion of berserk rage


   Skills:
 O Level 27 Fighting
 O Level 27 Short Blades
 O Level 27 Long Blades
 O Level 27 Axes
 O Level 27 Maces & Flails
 O Level 27 Polearms
 O Level 27 Staves
 O Level 27 Ranged Weapons
 O Level 27 Throwing
 O Level 27 Armour
 O Level 27 Dodging
 O Level 27 Stealth
 O Level 27 Shields
 O Level 27 Unarmed Combat
 O Level 27 Spellcasting
 O Level 27 Conjurations
 O Level 27 Hexes
 O Level 27 Summonings
 O Level 27 Necromancy
 O Level 27 Translocations
 O Level 27 Transmutations
 O Level 27 Fire Magic
 O Level 27 Ice Magic
 O Level 27 Air Magic
 O Level 27 Earth Magic
 O Level 27 Poison Magic
 O Level 27 Invocations
 O Level 27 Evocations


You had 76 spell levels left.
You didn't know any spells.
Your spell library contained the following spells:

 Spells                   Type           Power      Damage    Failure   Level
 Blink                    Tloc           100%       N/A       0%          2
 Lesser Beckoning         Tloc           100%       N/A       0%          3
 Teleport Other           Tloc           76%        N/A       0%          3
 Vhi's Electric Charge    Tloc/Air       100%       N/A       0%          3
 Manifold Assault         Tloc           76%        N/A       0%          4


Dungeon Overview and Level Annotations

Branches:
Dungeon (1/1)

Altars:
Makhleb


Innate Abilities, Weirdness & Mutations

You have very sharp teeth.
Your uncanny sense of smell can sniff out nearby items.
Your experience applies equally to all skills.


Message History

You slice the tentacled monstrosity like a ripe choko!!!!
You slaughter the tentacled monstrosity joyfully.
You kill the tentacled monstrosity!
The tentacled monstrosity disappears in a puff of smoke!
The tyrant gestures wildly while chanting.
You hear a shout! x3
The bag of meat is engulfed in blazing flames.
You hear a shout! x2
The bag of meat is engulfed in blazing flames.
You slice the tyrant like a ripe choko!!!
You chop the tyrant into pieces.
You destroy the tyrant!
Makhleb accepts your kill.
You feel better.
The large abomination disappears in a puff of smoke! x8
You chop the bag of meat into pieces!!!!
You chop the bag of meat into pieces.
You kill the bag of meat!
Makhleb accepts your kill.
You hear a shout! x6
You hear a shout! x7
The accursed is engulfed in blazing flames.
The accursed casts a spell at you. Something smites you!
You hear a shout! x5
Things that are here:
a +9 war axe; a +30 ring of slaying; a bag of meat corpse You hear a shout! x7
The bag of meat is engulfed in blazing flames.
The bag of meat completely misses you.
You hear a shout!
The large bag of meat hits you with a +9 giant spiked club!!!!
Ouch! That really hurt!
The large bag of meat hits you with a +9 giant spiked club!!!
* * * LOW HITPOINT WARNING * * *
You hear a shout!
The accursed is engulfed in blazing flames.
The accursed points at you and mumbles some strange words.
Something smites you!
You die...

..V......#.o§.§O§OOV...V.
#..o.....#.#.#.o§.........
#.. o..o.O#z#.....§.......
#..###o.°#o#.#o...o.......
#....##)o)#.#.....#.......
#.....#O§o..X.............
#.....°)##..o....##.#.....
####..M○o##zo§.... ....
####.)@Oo§#### ####o§§§...
###§... ###.


You could see an accursed, a sculptor of flesh, 2 large bags of meat and 5 bags
of meat.

Vanquished Creatures
  A royal mummy (D)
  6 vampire knights (D)
  10 ogres (D)
  4 two-headed ogres (D)
  A lich (D)
  29 orcs (D)
  A skeletal warrior (D)
52 creatures vanquished.

Notes
Turn   | Place    | Note
-------+----------+-------------------------------------------
     0 | D        | Found the +∞ Axe of Woe
     0 | D        | rocky1 the Gnoll Warper began the quest for the Orb.
     0 | D        | Reached XP level 1. HP: 20/20 MP: 6/6
     2 | D        | Noticed a bag of meat
     2 | D        | Noticed a bag of meat
     4 | D        | Became a worshipper of Makhleb the Destroyer
     8 | D        | Killed a bag of meat
     9 | D        | Reached skill level 10 in Short Blades
     9 | D        | Reached skill level 10 in Long Blades
     9 | D        | Reached skill level 10 in Maces & Flails
     9 | D        | Reached skill level 10 in Polearms
     9 | D        | Reached skill level 10 in Staves
     9 | D        | Reached skill level 10 in Ranged Weapons
     9 | D        | Reached skill level 10 in Throwing
     9 | D        | Reached skill level 10 in Armour
     9 | D        | Reached skill level 10 in Stealth
     9 | D        | Reached skill level 10 in Shields
     9 | D        | Reached skill level 10 in Unarmed Combat
     9 | D        | Reached skill level 10 in Translocations
     9 | D        | Reached skill level 10 in Evocations
     9 | D        | Reached XP level 2. HP: 37/37 MP: 7/14
     9 | D        | Reached XP level 3. HP: 43/43 MP: 7/15
     9 | D        | Reached XP level 4. HP: 50/50 MP: 7/17
     9 | D        | Reached XP level 5. HP: 55/55 MP: 7/18
     9 | D        | Reached XP level 6. HP: 62/62 MP: 7/20
     9 | D        | Reached XP level 7. HP: 68/68 MP: 7/21
     9 | D        | Reached XP level 8. HP: 75/75 MP: 7/23
     9 | D        | Reached XP level 9. HP: 81/81 MP: 7/24
     9 | D        | Reached XP level 10. HP: 87/87 MP: 7/25
     9 | D        | Reached XP level 11. HP: 93/93 MP: 7/26
    10 | D        | Killed a bag of meat
    10 | D        | Reached * piety under Makhleb
    11 | D        | Reached XP level 12. HP: 103/103 MP: 7/28
    11 | D        | Noticed a meat berserker
    13 | D        | Noticed a bag of meat
    14 | D        | Noticed a bag of meat
    14 | D        | Noticed a bag of meat
    14 | D        | Noticed a bag of meat
    14 | D        | Noticed a bag of meat
    14 | D        | Noticed a meat berserker
    16 | D        | Killed a meat berserker
    17 | D        | Reached XP level 13. HP: 88/113 MP: 8/31
    17 | D        | Killed a bag of meat
    17 | D        | Killed a bag of meat
    17 | D        | Reached ** piety under Makhleb
    17 | D        | Noticed a bag of meat
    17 | D        | Noticed a bag of meat
    18 | D        | Reached skill level 15 in Fighting
    18 | D        | Reached skill level 15 in Axes
    18 | D        | Reached skill level 15 in Throwing
    18 | D        | Reached skill level 15 in Armour
    18 | D        | Reached skill level 15 in Dodging
    18 | D        | Reached skill level 15 in Spellcasting
    18 | D        | Reached XP level 14. HP: 96/123 MP: 8/33
    18 | D        | Noticed a large bag of meat
    18 | D        | Noticed a bag of meat
    19 | D        | Noticed a bag of meat
    20 | D        | Killed a meat berserker
    21 | D        | Reached skill level 15 in Short Blades
    21 | D        | Reached skill level 15 in Long Blades
    21 | D        | Reached skill level 15 in Maces & Flails
    21 | D        | Reached skill level 15 in Polearms
    21 | D        | Reached skill level 15 in Staves
    21 | D        | Reached skill level 15 in Ranged Weapons
    21 | D        | Reached skill level 15 in Stealth
    21 | D        | Reached skill level 15 in Shields
    21 | D        | Reached skill level 15 in Unarmed Combat
    21 | D        | Reached skill level 15 in Evocations
    21 | D        | Killed a bag of meat
    22 | D        | Reached XP level 15. HP: 121/133 MP: 9/36
    22 | D        | Noticed a meat berserker
    23 | D        | Noticed a destroyer
    23 | D        | Noticed a destroyer
    23 | D        | Noticed a meat berserker
    25 | D        | Noticed a large bag of meat
    25 | D        | Noticed a meat berserker
    25 | D        | Noticed a meat berserker
    26 | D        | Noticed a destroyer
    26 | D        | Noticed a large bag of meat
    27 | D        | Noticed a meat berserker
    27 | D        | Noticed a large bag of meat
    27 | D        | Noticed a meat berserker
    28 | D        | Noticed a destroyer
    29 | D        | Killed a meat berserker
    29 | D        | Reached *** piety under Makhleb
    29 | D        | Killed a meat berserker
    29 | D        | Noticed a destroyer
    29 | D        | Noticed a large bag of meat
    30 | D        | Reached skill level 15 in Conjurations
    30 | D        | Reached skill level 15 in Hexes
    30 | D        | Reached skill level 15 in Summonings
    30 | D        | Reached skill level 15 in Necromancy
    30 | D        | Reached skill level 15 in Transmutations
    30 | D        | Reached skill level 15 in Fire Magic
    30 | D        | Reached skill level 15 in Ice Magic
    30 | D        | Reached skill level 15 in Air Magic
    30 | D        | Reached skill level 15 in Earth Magic
    30 | D        | Reached skill level 15 in Poison Magic
    30 | D        | Killed a large bag of meat
    30 | D        | Noticed a destroyer
    31 | D        | Reached XP level 16. HP: 94/146 MP: 12/39
    31 | D        | Noticed a meat berserker
    31 | D        | Noticed a meat berserker
    31 | D        | Noticed a large bag of meat
    31 | D        | Noticed a meat berserker
    31 | D        | Noticed a large bag of meat
    33 | D        | Killed a meat berserker
    33 | D        | Reached **** piety under Makhleb
    33 | D        | Killed a destroyer
    34 | D        | Reached XP level 17. HP: 144/158 MP: 12/42
    34 | D        | Killed a destroyer
    34 | D        | Reached ***** piety under Makhleb
    36 | D        | Reached XP level 18. HP: 172/172 MP: 13/45
    36 | D        | Killed a large bag of meat
    37 | D        | Killed a meat berserker
    37 | D        | Killed a meat berserker
    38 | D        | Reached XP level 19. HP: 91/184 MP: 13/48
    38 | D        | Killed a meat berserker
    38 | D        | Reached ****** piety under Makhleb
    38 | D        | Killed a destroyer
    39 | D        | Reached skill level 27 in Invocations
    39 | D        | Reached XP level 20. HP: 123/196 MP: 14/50
    39 | D        | Killed a meat berserker
    40 | D        | Reached skill level 27 in Fighting
    40 | D        | Reached skill level 27 in Short Blades
    40 | D        | Reached skill level 27 in Long Blades
    40 | D        | Reached skill level 27 in Axes
    40 | D        | Reached skill level 27 in Maces & Flails
    40 | D        | Reached skill level 27 in Polearms
    40 | D        | Reached skill level 27 in Staves
    40 | D        | Reached skill level 27 in Ranged Weapons
    40 | D        | Reached skill level 27 in Throwing
    40 | D        | Reached skill level 27 in Armour
    40 | D        | Reached skill level 27 in Dodging
    40 | D        | Reached skill level 27 in Stealth
    40 | D        | Reached skill level 27 in Shields
    40 | D        | Reached skill level 27 in Unarmed Combat
    40 | D        | Reached skill level 27 in Spellcasting
    40 | D        | Reached skill level 27 in Evocations
    44 | D        | Killed a destroyer
    44 | D        | Killed a large bag of meat
    45 | D        | Reached skill level 27 in Conjurations
    45 | D        | Reached skill level 27 in Hexes
    45 | D        | Reached skill level 27 in Summonings
    45 | D        | Reached skill level 27 in Necromancy
    45 | D        | Reached skill level 27 in Translocations
    45 | D        | Reached skill level 27 in Transmutations
    45 | D        | Reached skill level 27 in Fire Magic
    45 | D        | Reached skill level 27 in Ice Magic
    45 | D        | Reached skill level 27 in Air Magic
    45 | D        | Reached skill level 27 in Earth Magic
    45 | D        | Reached skill level 27 in Poison Magic
    45 | D        | Reached XP level 21. HP: 116/204 MP: 15/52
    45 | D        | Noticed an accursed
    46 | D        | Killed an accursed
    49 | D        | Killed a destroyer
    51 | D        | Reached XP level 22. HP: 146/212 MP: 16/53
    55 | D        | Noticed an accursed
    55 | D        | Noticed a destroyer
    57 | D        | Noticed an accursed
    57 | D        | Killed a large bag of meat
    57 | D        | Killed a destroyer
    59 | D        | Noticed a tyrant
    66 | D        | Reached XP level 23. HP: 203/219 MP: 20/54
    67 | D        | Killed a tyrant
    69 | D        | Killed from afar by an accursed

Illustrated notes

Levels and vault maps discovered:
D:        meatsprint

Skill      XL: |  1  2  3  4  5  6  7  8  9 10 11 12 13 14 15 16 17 18 19 20 |
---------------+-------------------------------------------------------------+-----
Fighting       | 11 12 14 15 16 19 21 23 25 26 27 | 27.0
Short Blades   | 10 11 13 14 16 18 20 23 24 26 27 | 27.0
Long Blades    | 10 11 13 14 16 18 20 23 24 26 27 | 27.0
Axes           | 11 12 14 15 16 19 21 23 25 26 27 | 27.0
Maces & Flails | 10 11 13 14 16 18 20 23 24 26 27 | 27.0
Polearms       | 10 11 13 14 16 18 20 23 24 26 27 | 27.0
Staves         | 10 11 13 14 16 18 20 23 24 26 27 | 27.0
Ranged Weapons | 10 11 13 14 16 18 20 23 24 26 27 | 27.0
Throwing       | 10 11 13 15 16 19 20 23 25 26 27 | 27.0
Armour         | 10 11 13 15 16 19 20 23 25 26 27 | 27.0
Dodging        | 11 12 14 15 16 19 21 23 25 26 27 | 27.0
Stealth        | 10 11 13 14 16 18 20 23 24 26 27 | 27.0
Shields        | 10 11 13 14 16 18 20 23 24 26 27 | 27.0
Unarmed Combat | 10 11 13 14 16 18 20 23 24 26 27 | 27.0
Spellcasting   | 11 12 14 15 17 19 21 23 25 26 27 | 27.0
Conjurations   | 8 9 11 12 13 16 17 19 21 22 27 | 27.0
Hexes          | 8 9 11 12 13 16 17 19 21 22 27 | 27.0
Summonings     | 8 9 11 12 13 16 17 19 21 22 27 | 27.0
Necromancy     | 8 9 11 12 13 16 17 19 21 22 27 | 27.0
Translocations | 10 11 12 13 14 16 18 20 22 23 27 | 27.0
Transmutations | 8 9 11 12 13 16 17 19 21 22 27 | 27.0
Fire Magic     | 8 9 11 12 13 16 17 19 21 22 27 | 27.0
Ice Magic      | 8 9 11 12 13 16 17 19 21 22 27 | 27.0
Air Magic      | 8 9 11 12 13 16 17 19 21 22 27 | 27.0
Earth Magic    | 8 9 11 12 13 16 17 19 21 22 27 | 27.0
Poison Magic   | 8 9 11 12 13 16 17 19 21 22 27 | 27.0
Invocations    | 11 12 14 16 17 20 22 24 26 27 | 27.0
Evocations     | 10 11 13 14 16 18 20 23 24 26 27 | 27.0

Action                   |  1- 3 |  4- 6 |  7- 9 | 10-12 | 13-15 | 16-18 | 19-21 | 22-24 || total
-------------------------+-------+-------+-------+-------+-------+-------+-------+-------++-------
Melee: Executioner's axe |     1 |       |       |     2 |     5 |     5 |     6 |    10 ||    29
  Use: Scroll            |       |       |       |       |     1 |     1 |       |       ||     2
Dodge: Dodged            |       |       |       |       |       |       |     1 |     2 ||     3

Table legend: (Time is in decaauts)
 A = Elapsed time spent in this place.
 B = Non-inter-level travel time spent in this place.
 C = Inter-level travel time spent in this place.
 D = Time resting spent in this place.
 E = Time spent auto-exploring this place.
 F = Levels seen in this place.
 G = Mean time per level.
                   A        B        C        D        E       F      G
               +--------+--------+--------+--------+--------+-----+--------+
         Total |     61 |     61 |      0 |      0 |      0 |   1 |   61.0 |
       Dungeon |     61 |     61 |      0 |      0 |      0 |   1 |   61.0 |
               +--------+--------+--------+--------+--------+-----+--------+

Top non-repeatable levels by time:
       D: 61 daAuts
